 Dungeon Crawl Stone Soup version 0.27-a0-1301-g128193abf8 (webtiles) character file.

Game seed: 9088200461072035285

899 mordus the Cleaver (level 7, 0/57 HPs)
             Began as a Minotaur Monk on June 17, 2021.
             Slain by an orc warrior (6 damage)
             ... on level 6 of the Dungeon.
             The game lasted 00:05:04 (7280 turns).

mordus the Cleaver (Minotaur Monk)                  Turns: 7280, Time: 00:05:04

Health: 0/57       AC:  7    Str: 18    XL:     7   Next: 79%
Magic:  6/6        EV: 14    Int:  7    God:
Gold:   224        SH:  0    Dex: 12    Spells: 6/6 levels left

rFire    . . .     SeeInvis .   a - +0 hand axe
rCold    . . .     Faith    .   (no shield)
rNeg     . . .     Spirit   .   j - +0 scale mail
rPois    .         Reflect  .   (helmet restricted)
rElec    .         Harm     .   t - scarf {shadows}
rCorr    .         Rampage  .   (no gloves)
Will     .....                  (no boots)
Stlth    ..........             v - amulet of regeneration
HPRegen  1.19/turn              f - +4 ring of evasion
MPRegen  0.10/turn              (no ring)

@: no status effects
A: horns 2, retaliatory headbutt
a: no special abilities


You were on level 6 of the Dungeon.
You visited 2 branches of the dungeon, and saw 7 of its levels.

You collected 224 gold pieces.

Inventory:

Hand Weapons
 a - a +0 hand axe (weapon)
Armour
 b - a +0 robe
 j - a +0 scale mail (worn)
 t - a scarf of shadows (worn)
Jewellery
 f - a +4 ring of evasion (left hand)
 h - an amulet of magic regeneration
 v - an amulet of regeneration (around neck)
 y - an amulet of the acrobat
Wands
 g - a wand of polymorph (9)
 q - a wand of acid (9)
Scrolls
 c - 5 scrolls of identify {unknown}
 d - 2 scrolls of immolation
 i - a scroll of enchant armour {unknown}
 l - 3 scrolls of teleportation {unknown}
 o - a scroll of enchant weapon {unknown}
 p - a scroll of amnesia {unknown}
Potions
 e - a potion of mutation {unknown}
 k - a potion of resistance {unknown}
 m - 2 potions of magic {unknown}
 n - a potion of degeneration {unknown}
 r - a potion of haste {unknown}
 s - a potion of curing {unknown}
 u - a potion of lignification {unknown}
 w - a potion of brilliance {unknown}
 x - a potion of berserk rage {unknown}


   Skills:
 - Level 3.6 Fighting
 * Level 9.5 Axes
 + Level 5.9 Armour
 - Level 3.2 Dodging
 - Level 1.5 Stealth


You had 6 spell levels left.
You didn't know any spells.
Your spell library contained the following spells:

 Spells                   Type           Power      Damage    Failure   Level
 Magic Dart               Conj           0%         1d3       80%         1
 Searing Ray              Conj           0%         3d3       90%         2
 Dazzling Flash           Conj/Hex       0%         N/A       99%         3
 Fulminant Prism          Conj/Hex       0%         3d6       100%        4
 Iskenderun's Mystic Bla  Conj/Tloc      0%         2d3       100%        4


Dungeon Overview and Level Annotations

Branches:
Dungeon (6/15)             Temple (1/1) D:5

Altars:
Ashenzari
Elyvilon
Gozag
Hepliaklqana
Nemelex Xobeh
Okawaru
Qazlal
Ru
Sif Muna
Trog
Uskayaw
Wu Jian
Xom
Zin
The Shining One


Innate Abilities, Weirdness & Mutations

You have a pair of horns on your head.
You reflexively headbutt those who attack you in melee.


Message History

The orc warrior hits you with a +0 battleaxe!!
You bump into the rock wall.
The bullfrog skeleton barely misses you.
The orc warrior hits you with a +0 battleaxe!
* * * LOW HITPOINT WARNING * * *
The orc wizard closely misses you.
Unknown command.
You slash the bullfrog skeleton!
The bullfrog skeleton is severely damaged.
You hit the orc warrior but do no damage.
You barely miss the orc wizard.
The bullfrog skeleton barely misses you.
The orc warrior barely misses you.
The orc wizard hits you but does no damage.
You feel less confused.
The bullfrog skeleton barely misses you.
You furiously retaliate!
You headbutt the bullfrog skeleton!
The bullfrog skeleton barely misses you.
You furiously retaliate!
You headbutt the bullfrog skeleton!
You destroy the bullfrog skeleton!
Unknown command.
You hit the orc warrior but do no damage.
The orc warrior is heavily wounded.
You closely miss the orc wizard. You barely miss the orc warrior.
You headbutt the orc warrior.
The orc warrior is severely wounded.
You hit the orc wizard. The orc wizard casts a spell at you.
The magic dart hits you but does no damage.
The orc warrior hits you with a +0 battleaxe!
* * * LOW HITPOINT WARNING * * *
You barely miss the orc warrior.
The orc warrior is severely wounded.
You barely miss the orc wizard. You closely miss the orc.
The orc wizard hits you with a +0 dagger.
* * * LOW HITPOINT WARNING * * *
The orc barely misses you. You furiously retaliate!
You headbutt the orc!
You kill the orc!
The orc warrior hits you with a +0 battleaxe.
You die...

..##.####### #...##...
..##.# .##.......
#....#######.##.....##
#.....................
#..........#.##.....#
#.#..........##.....#
#.#.######.####.....#
#.#.######.####)oo..#
................@..##
##.................#
................#
.......[.......#
.............###
.............#
.............#


You could see an orc warrior and an orc wizard.

Vanquished Creatures
  3 ogres
  A water moccasin zombie (D:5)
  A water moccasin skeleton (D:5)
  A hound (D:5)
  A bullfrog skeleton (D:6)
  A centaur skeleton (D:4)
  6 orc priests
  An iguana (D:4)
  An orc wizard (D:4)
  Natasha (twice) (D:3)
  Terence (D:3)
  5 adders
  A white imp (D:6)
  An adder skeleton (D:4)
  4 dart slugs
  10 orcs
  6 ball pythons
  5 bats
  5 endoplasms
  7 giant cockroaches
  4 goblins
  6 hobgoblins
  2 jackals (D:4)
  8 quokkas
  2 frilled lizards
  5 kobolds
  8 rats
98 creatures vanquished.

Notes
Turn   | Place    | Note
-------+----------+-------------------------------------------
     0 | D:1      | mordus the Minotaur Monk began the quest for the Orb.
     0 | D:1      | Reached XP level 1. HP: 19/19 MP: 0/0
   506 | D:1      | Reached skill level 4 in Axes
   818 | D:1      | Reached skill level 1 in Armour
   818 | D:1      | Reached XP level 2. HP: 21/26 MP: 1/1
  1656 | D:2      | Found a faded altar of an unknown god.
  1659 | D:2      | Reached XP level 3. HP: 31/31 MP: 2/2
  2007 | D:2      | Reached skill level 5 in Axes
  2343 | D:3      | Noticed Terence
  2351 | D:3      | Killed Terence
  2352 | D:3      | Reached XP level 4. HP: 36/39 MP: 3/3
  3567 | D:3      | Found a sacrificial altar of Ru.
  3580 | D:3      | Noticed Natasha
  3589 | D:3      | Killed Natasha
  3590 | D:3      | Reached skill level 6 in Axes
  3590 | D:3      | Reached XP level 5. HP: 32/45 MP: 4/4
  3731 | D:3      | Noticed Natasha
  3737 | D:3      | Killed Natasha
  4218 | D:4      | Noticed an ogre
  4225 | D:4      | Killed an ogre
  4226 | D:4      | Reached skill level 7 in Axes
  4226 | D:4      | Reached XP level 6. HP: 35/51 MP: 5/5
  5243 | D:5      | Entered Level 5 of the Dungeon
  5270 | D:5      | Reached skill level 8 in Axes
  5281 | D:5      | Reached skill level 5 in Armour
  5281 | D:5      | Reached XP level 7. HP: 53/57 MP: 6/6
  6049 | D:5      | Reached skill level 9 in Axes
  6716 | D:5      | Found a staircase to the Ecumenical Temple.
  6788 | D:5      | Found an opulent altar of Gozag.
  6870 | Temple   | Entered the Ecumenical Temple
  7280 | D:6      | Slain by an orc warrior

Illustrated notes

Levels and vault maps discovered:
D:1:      amcnicky_arrival_abandoned_market, layout_loops_ring,
          chequers_big_river, minmay_tripent
D:2:      layout_basic, hellmonk_ecumenical_altar_blasted
D:3:      layout_basic, nicolae_overflow_crystal_walls, uniq_natasha,
          uniq_terence
D:4:      layout_basic, gup_sewer_entry_pipe, minmay_misc_feat_tiny
D:5:      layout_loops_ring, lemuel_coloured_pillars_altar,
          minmay_temple_entry_enclosed_plants
D:6:      layout_basic, kennysheep_vampire_church, minmay_mini_ossuary
Temple:   oiseaux_autumnal_temple

Skill      XL: |  1  2  3  4  5  6  7 |
---------------+----------------------+-----
Axes           | 4 5 6 7 8 9 |  9.5
Armour         | 1 2 3 4 5 |  5.9
Fighting       | |  3.6
Dodging        | |  3.2
Stealth        | |  1.5

Action                   |  1- 3 |  4- 6 |  7- 9 || total
-------------------------+-------+-------+-------++-------
Melee: Hand axe          |    89 |   149 |    68 ||   306
       Headbutt          |    14 |    21 |    16 ||    51
 Stab: Sleeping          |     2 |       |       ||     2
       Distracted        |     1 |       |       ||     1
Armor: Robe              |    11 |       |       ||    11
       Scale mail        |       |    34 |    17 ||    51
Dodge: Dodged            |    71 |    92 |    34 ||   197

Table legend: (Time is in decaauts)
 A = Elapsed time spent in this place.
 B = Non-inter-level travel time spent in this place.
 C = Inter-level travel time spent in this place.
 D = Time resting spent in this place.
 E = Time spent auto-exploring this place.
 F = Levels seen in this place.
 G = Mean time per level.
                   A        B        C        D        E       F      G
               +--------+--------+--------+--------+--------+-----+--------+
         Total |   7313 |   7037 |    276 |   1198 |   5092 |   7 | 1044.7 |
       Dungeon |   7004 |   6768 |    236 |   1198 |   4823 |   6 | 1167.3 |
        Temple |    309 |    270 |     39 |      0 |    268 |   1 |  309.0 |
               +--------+--------+--------+--------+--------+-----+--------+

Top non-repeatable levels by time:
     D:4: 1883 daAuts
     D:3: 1644 daAuts
     D:1: 1406 daAuts
     D:5: 996 daAuts
     D:2: 987 daAuts
  Temple: 309 daAuts
     D:6: 86 daAuts
